 Dungeon Crawl Stone Soup version 0.24-a0-378-g94936e539c (webtiles) character file.

Game seed: 7715634322166842803

85 theanonym the Grave Robber (level 4, -2/30 HPs)
             Began as a Mummy Necromancer on June 2, 2019.
             Slain by a slave (9 damage)
             ... led by Pikel
             ... on level 4 of the Dungeon.
             The game lasted 00:05:26 (2425 turns).

theanonym the Grave Robber (Mummy Necromancer)      Turns: 2425, Time: 00:05:27

Health: -2/30      AC:  9    Str: 11    XL:     4   Next: 25%
Magic:  1/10       EV: 12    Int: 15    God:
Gold:   80         SH:  0    Dex: 12    Spells: 6/11 levels left

rFire    x . .     SeeInvis .   e - +0 dagger
rCold    + . .     Gourm    .   (no shield)
rNeg     + + +     Faith    .   a - +0 robe
rPois    ∞         Spirit   .   (no helmet)
rElec    .         Reflect  .   f - +0 cloak
rCorr    .         Harm     .   (no gloves)
MR       .....                  g - +0 pair of boots
Stlth    ++........             (no amulet)
HPRegen  0.10/turn              b - +5 ring of protection
MPRegen  0.12/turn              h - +3 ring of slaying

@: very slightly contaminated
A: no food or potions, fire vulnerability, cold resistance 1, negative energy
resistance 3, torment resistance, unbreathing
a: no special abilities


Innate Abilities, Weirdness & Mutations

You do not eat or drink.
Your flesh is vulnerable to fire.
You are immune to poison.
Your flesh is cold resistant. (rC+)
You are immune to negative energy. (rN+++)
You are immune to unholy pain and torment.
You can survive without breathing.


   Skills:
 - Level 1.5 Dodging
 - Level 1.5 Stealth
 + Level 4.4 Spellcasting
 + Level 4.9 Necromancy


You had 6 spell levels left.
You knew the following spells:

 Your Spells              Type           Power        Failure   Level  Hunger
a - Pain                  Necr           ###.         2%          1    N/A
c - Vampiric Draining     Necr           ###.......   7%          3    N/A
e - Animate Skeleton      Necr           N/A          2%          1    N/A

Your spell library contained the following spells:

 Spells                   Type           Power        Failure   Level  Hunger
 Animate Dead             Necr           N/A          22%         4    N/A
 Regeneration             Chrm/Necr      Unusable     N/A         3    N/A

Skill      XL: |  1  2  3 |
---------------+----------+-----
Spellcasting   | 3 4 |  4.4
Dodging        | |  1.5
Stealth        | |  1.5
Necromancy     | |  4.9

Action                   |  1- 3 |  4- 6 || total
-------------------------+-------+-------++-------
Melee: Club              |     6 |       ||     6
       Dagger            |    51 |     4 ||    55
 Cast: Pain              |    78 |    33 ||   111
       Animate Skeleton  |    20 |     2 ||    22
  Use: Scroll            |     1 |     1 ||     2
 Stab: Distracted        |     1 |       ||     1
Armor: Robe              |    31 |     8 ||    39
Dodge: Dodged            |    80 |    17 ||    97

Inventory:

Hand Weapons
 c - a +0 club
 e - a +0 dagger (weapon)
Armour
 a - a +0 robe (worn)
 f - a +0 cloak (worn)
 g - a +0 pair of boots (worn)
Jewellery
 b - a +5 ring of protection (left hand)
 h - a +3 ring of slaying (right hand)
Scrolls
 d - a scroll of immolation
 B - a scroll of blinking


You were on level 4 of the Dungeon.
You were not hungry.

You visited 1 branch of the dungeon, and saw 4 of its levels.

You collected 80 gold pieces.

Dungeon Overview and Level Annotations

Branches:
Dungeon (5/15)
 Temple: D:4-7

Altars:
The Shining One

Annotations:
D:4 Pikel

#...# #######.#.# #
#..p..p.#.# #.
#.#######.# ##
#.####.###...#K#
...#.......##.# #.#
#............#.#p#
.#.#....p....K#.#.#
$......@p.......#.#
.#.#....p#.##.###.#
# #######.##..p..#
#.######## ..# ###


You could see Pikel and 3 slaves.

Notes
Turn   | Place    | Note
-------+----------+-------------------------------------------
     0 | D:1      | theanonym the Mummy Necromancer began the quest for the
                  | Orb.
     0 | D:1      | Reached XP level 1. HP: 13/13 MP: 4/4
    90 | D:1      | Reached skill level 3 in Spellcasting
   151 | D:1      | Learned a level 1 spell: Animate Skeleton
   216 | D:1      | Reached XP level 2. HP: 15/19 MP: 0/6
   295 | D:1      | Found a glowing golden altar of the Shining One.
   709 | D:1      | Reached XP level 3. HP: 24/24 MP: 6/8
   789 | D:1      | theanonym: !lg * win cv=0.24-a|0.23|0.22 mune s=god
   789 | D:1      | meem: 20 games for * (win cv=0.24-a|0.23|0.22 mune): 7x
                  | Gozag, 6x Kikubaaqudgha, 2x Sif Muna, Yredelemnul, Ru,
                  | Vehumet, Ashenzari, Okawaru
   871 | D:1      | You fall into a shaft and drop 1 floor!
  1316 | D:1      | HP: 12/24 [jackal (1)]
  1322 | D:1      | HP: 10/24 [jackal (1)]
  1327 | D:1      | Reached skill level 4 in Spellcasting
  1754 | D:2      | Learned a level 3 spell: Vampiric Draining
  1888 | D:2      | Reached XP level 4. HP: 30/30 MP: 7/10
  2333 | D:2      | You fall into a shaft and drop 2 floors!
  2334 | D:4      | Noticed a slave
  2334 | D:4      | Noticed a slave
  2334 | D:4      | Noticed a slave
  2358 | D:4      | Noticed a slave
  2361 | D:4      | Noticed Pikel
  2396 | D:5      | Entered Level 5 of the Dungeon
  2402 | D:5      | HP: 14/30 [slave[Pikel] (6)]
  2407 | D:5      | HP: 9/30 [slave[Pikel] (6)]
  2413 | D:5      | HP: 8/30 [slave[Pikel] (1)]
  2415 | D:5      | Killed a slave
  2422 | D:5      | HP: 7/30 [hound zombie (2)]
  2425 | D:4      | Slain by a slave

Vanquished Creatures
  A slave (D:5)
  An adder (D:2)
  3 oozes
  2 worms (D:2)
  A dart slug (D:1)
  3 leopard geckos
  2 ball pythons (D:2)
  A giant cockroach (D:1)
  6 goblins
  4 hobgoblins
  7 jackals
  A quokka (D:2)
  6 bats
  7 frilled lizards
  3 kobolds
  3 rats
51 creatures vanquished.

Vanquished Creatures (collateral kills)
  A dart slug (D:1)
  A jackal (D:2)
2 creatures vanquished.

Grand Total: 53 creatures vanquished

Table legend:
 A = Turns spent in this place as a percentage of turns spent in the entire game.
 B = Non-inter-level travel turns spent in this place as a percentage of non-inter-level travel turns spent in the entire game.
 C = Inter-level travel turns spent in this place as a percentage of turns spent in this place.
 D = Turns resting spent in this place as a percentage of non-inter-level travel turns spent in this place.
 E = Turns spent auto-exploring this place as a percentage of non-inter-level travel turns spent in this place.
 F = Non-inter-level travel turns spent in this place divided by the number of levels of this place that you've seen.
                   A       B       C       D       E      F
               +-------+-------+-------+-------+-------+----------------------
         Total | 100.0 | 100.0 |   1.8 |  44.0 |  35.4 | 595.2
       Dungeon | 100.0 | 100.0 |   1.8 |  44.0 |  35.4 | 595.2
               +-------+-------+-------+-------+-------+----------------------
